Map: Rorschach LE

Players

Lambo

  • Race: Zerg Zerg
  • Spawn Location: 5:00

liquidclem (Clem) - Winner!

  • Race: Terran Terran
  • League: Grandmaster
  • Spawn Location: 7:00

Event: HomeStory Cup XXIX

VOD

Have the link to the VOD?

Description

Time

  • Played on: July 5, 2026, 10:39 a.m.
  • Length: 11:01

All games in this series

Show
View Real Time Build Order
Export as new Build Order

Lambo Zerg 

Build Orders: Hatch First 

Get SALT Encoding   

  8  0:00  Drone  
  9  0:12  Drone  
  10  0:16  Drone  
  11  0:21  Drone  
  12  0:32  Overlord  
  12  0:40  Extractor, Drone  
  13  0:51  Drone  
  13  0:52  Drone  
  15  1:10  Hatchery  
  14  1:14  Drone  
  14  1:17  Drone  
  16  1:23  Drone  
  17  1:36  Spawning Pool  
  17  1:38  Drone  
  17  1:43  Extractor, Drone  
  17  1:51  Drone  
  19  2:01  Drone  
  19  2:11  Overlord  
  19  2:21  Drone  
  20  2:23  Queen x2  
  24  2:31  Zergling x4  
  24  2:33  Drone  
  28  2:44  Drone x2  
  28  2:48  Spore Crawler  
  28  2:56  Drone x2  
  28  2:57  Metabolic Boost  
  30  3:04  Overlord, Drone  
  31  3:19  Hatchery  
  30  3:23  Drone  
  31  3:28  Drone x3  
  34  3:34  Drone x3  
  34  3:38  Overlord  
  37  3:43  Drone  
  38  3:52  Drone  
  39  3:56  Queen  
  39  3:57  Queen  
  39  4:01  Drone x2  
  45  4:09  Zergling x4  
  47  4:15  Overlord  
  47  4:18  Spore Crawler  
  47  4:24  Drone x2  
  47  4:26  Drone  
  48  4:32  Overlord  
  48  4:34  Overlord  
  48  4:36  Overlord  
  48  4:37  Queen  
  48  4:38  Overlord  
  50  4:40  Overlord  
  50  4:41  Overlord  
  50  4:45  Lair  
  50  4:48  Zergling x2  
  50  4:50  Extractor  
  50  4:51  Extractor  
  50  4:52  Zergling x4  
  51  4:55  Drone  
  51  4:56  Drone  
  51  4:59  Drone x2  
  55  5:02  Drone  
  55  5:03  Extractor  
  55  5:06  Drone x3  
  58  5:11  Drone  
  58  5:12  Spore Crawler  
  58  5:15  Baneling Nest  
  57  5:22  Zergling x4  
  57  5:23  Zergling x4  
  57  5:25  Drone  
  57  5:26  Drone  
  57  5:27  Drone  
  64  5:30  Spore Crawler  
  64  5:33  Drone x2  
  64  5:34  Drone  
  64  5:36  Drone  
  65  5:47  Extractor, Evolution Chamber  
  65  5:49  Drone x2  
  64  5:50  Drone x4  
  64  5:54  Zergling x2  
  64  5:55  Zergling x2  
  63  6:01  Spire  
  63  6:02  Overseer  
  62  6:09  Centrifugal Hooks, Drone x5  
  66  6:16  Burrow, Zergling x6  
  69  6:24  Drone x6  
  72  6:29  Drone  
  71  6:34  Drone  
  71  6:39  Drone x3  
  75  6:42  Drone x3  
  75  6:45  Evolution Chamber, Drone  
  75  6:46  Drone x2  
  80  6:49  Drone  
  80  6:51  Drone x2  
  83  7:02  Extractor, Zergling x6  
  83  7:03  Extractor  
  83  7:07  Hatchery  
  83  7:08  Evolution Chamber  
  82  7:09  Zergling x4  
  82  7:11  Zerg Ground Armor Level 1  
  82  7:12  Zerg Flyer Weapons Level 1  
  82  7:14  Mutalisk  
  82  7:15  Mutalisk  
  88  7:18  Baneling x4  
  88  7:24  Zergling x12  
  88  7:26  Baneling x3  
  94  7:31  Zergling x6  
  94  7:32  Baneling x2  
  94  7:34  Zergling x4  
  94  7:36  Overlord  
  99  7:41  Overlord  
  99  7:43  Overlord  
  99  7:45  Overlord  
  99  7:52  Overlord x2  
  99  7:54  Overlord  
  99  7:55  Overlord  
  99  7:57  Overlord  
  99  7:59  Queen  
  99  8:02  Drone x2  
  99  8:03  Mutalisk x3  
  108  8:07  Mutalisk x2  
  108  8:09  Mutalisk  
  108  8:11  Mutalisk  
  113  8:14  Mutalisk  
  113  8:16  Zergling x4  
  113  8:19  Zergling x6  
  120  8:21  Overseer  
  120  8:24  Zerg Melee Weapons Level 1, Zergling x2  
  120  8:25  Zergling x2  
  120  8:26  Pneumatized Carapace  
  122  8:32  Mutalisk  
  114  8:41  Zergling x2  
  114  8:42  Zergling x20  
  114  8:46  Zergling x2  
  126  8:49  Zergling x2  
  126  8:52  Baneling  
  126  8:53  Baneling x4  
  126  8:55  Hatchery  
  126  8:57  Mutalisk x2  
  126  8:59  Zergling x8  
  126  9:00  Baneling x2  
  133  9:09  Zergling x10  
  135  9:21  Mutalisk x2  
  135  9:22  Mutalisk x2  
  142  9:24  Overseer  
  130  9:40  Mutalisk x2  
  130  9:42  Zergling x22  
  138  9:52  Overlord x3  
  127  10:02  Zergling x2  
  127  10:03  Zergling x2  
  122  10:08  Baneling x3  
  122  10:09  Zergling x4  
  122  10:11  Zergling x14  
  122  10:12  Queen x2  
  135  10:15  Hatchery  
  135  10:17  Zergling x2  
  130  10:24  Zergling x2  
  130  10:25  Zergling x8  
  130  10:26  Baneling x2  
  124  10:28  Zergling x2  
  124  10:32  Zergling x2  
  120  10:37  Zergling x14  
  120  10:40  Zergling x2  
Show
View Real Time Build Order
Export as new Build Order

liquidclem Terran - Winner!

Build Orders: Reaper Expand, Hellion Banshee 

Get SALT Encoding   

  8  0:00  SCV  
  9  0:12  SCV  
  10  0:24  SCV  
  11  0:28  Supply Depot  
  11  0:36  SCV  
  12  0:48  SCV  
  13  0:53  Barracks  
  13  1:00  SCV  
  14  1:04  Refinery  
  14  1:13  SCV  
  15  1:25  SCV  
  16  1:39  Orbital Command  
  16  1:46  Reaper  
  17  2:05  SCV  
  18  2:08  Command Center  
  18  2:17  SCV  
  18  2:20  Marine  
  20  2:27  Supply Depot  
  20  2:29  SCV  
  21  2:35  Factory  
  21  2:41  Barracks Reactor  
  21  2:48  SCV  
  22  2:54  Refinery  
  22  3:01  SCV  
  23  3:13  SCV  
  24  3:22  Orbital Command, Starport  
  24  3:25  SCV  
  25  3:28  Hellion  
  25  3:31  Hellion  
  29  3:35  Barracks Tech Lab  
  29  3:37  SCV  
  30  3:45  Supply Depot  
  30  3:48  SCV  
  31  3:49  SCV  
  31  3:52  Hellion  
  34  3:58  Hellion  
  34  4:00  SCV  
  34  4:02  SCV  
  38  4:07  Banshee  
  41  4:12  Cloaking Field  
  41  4:13  SCV  
  41  4:15  SCV  
  43  4:23  Supply Depot  
  43  4:25  SCV  
  43  4:27  Hellion, SCV  
  43  4:31  Hellion  
  48  4:33  Barracks Tech Lab  
  48  4:38  SCV  
  49  4:39  SCV  
  50  4:48  Supply Depot  
  50  4:50  SCV  
  50  4:51  SCV  
  56  4:59  Banshee  
  57  5:04  Command Center  
  57  5:06  SCV x2  
  57  5:09  Factory Reactor  
  57  5:10  Barracks  
  57  5:13  Supply Depot  
  57  5:19  SCV, Barracks  
  57  5:21  SCV  
  59  5:25  Stimpack  
  59  5:26  Marine  
  60  5:31  SCV  
  60  5:33  SCV  
  62  5:39  Supply Depot  
  62  5:43  SCV  
  62  5:44  Marine, Refinery  
  62  5:46  Refinery  
  64  5:50  SCV  
  64  5:52  Starport Reactor  
  64  5:55  SCV  
  64  5:58  Engineering Bay  
  64  5:59  Engineering Bay  
  64  6:02  SCV  
  61  6:04  Marine, Supply Depot  
  61  6:07  SCV  
  63  6:11  Marine  
  63  6:13  Marine  
  63  6:14  SCV  
  63  6:17  Orbital Command, Marine  
  63  6:18  Marine  
  68  6:19  SCV  
  68  6:22  Marine  
  68  6:24  Factory Reactor  
  68  6:26  SCV  
  68  6:28  Terran Infantry Weapons Level 1, Terran Infantry Armor Level 1  
  68  6:29  Marine  
  68  6:30  Medivac  
  68  6:31  SCV  
  68  6:32  Medivac  
  71  6:36  Marine x3  
  71  6:38  SCV  
  75  6:43  Marine, SCV  
  75  6:45  Orbital Command  
  75  6:47  Marine  
  74  6:51  SCV, Barracks  
  74  6:52  Barracks  
  74  6:54  Marine x2  
  76  6:55  Marine, SCV  
  80  7:02  Marine, Widow Mine x2  
  80  7:03  SCV  
  80  7:04  Combat Shield  
  80  7:05  Marine  
  80  7:07  SCV  
  88  7:12  Medivac x2  
  88  7:15  SCV x2  
  94  7:16  Marine, Supply Depot  
  94  7:17  Marine  
  94  7:18  Marine  
  94  7:20  SCV  
  94  7:21  Supply Depot  
  94  7:22  Marine  
  99  7:25  Factory  
  99  7:29  Widow Mine x2  
  103  7:31  Armory  
  103  7:38  Marine x3, SCV x3  
  103  7:43  Barracks Reactor x2  
  109  7:44  Medivac x2  
  109  7:45  Marine x2  
  116  7:52  Supply Depot  
  116  7:53  Supply Depot  
  116  7:55  Missile Turret, Supply Depot, Marine x2  
  116  7:56  Missile Turret  
  117  8:02  Widow Mine, Refinery, Supply Depot  
  119  8:07  Marine  
  119  8:08  Marine  
  119  8:11  Supply Depot  
  119  8:13  Marine  
  119  8:14  Widow Mine x2  
  119  8:16  Medivac x2, Marine  
  119  8:17  Marine  
  119  8:19  Marine  
  131  8:20  Marine x3  
  131  8:22  Drilling Claws  
  131  8:24  Supply Depot  
  134  8:28  Widow Mine, Marine  
  134  8:29  Marine  
  134  8:34  Marine x2  
  138  8:39  Terran Infantry Armor Level 2  
  140  8:43  SCV x2, Refinery  
  140  8:44  Command Center  
  140  8:46  Medivac  
  142  8:50  Marine  
  142  8:51  SCV  
  142  8:53  Widow Mine x3, Marine  
  150  8:56  Marine x2  
  150  8:57  Marine x2  
  150  8:58  Marine  
  150  9:00  Marine  
  150  9:01  SCV  
  157  9:05  Supply Depot  
  157  9:06  Marine  
  157  9:07  SCV, Marine  
  160  9:11  Marine  
  160  9:13  Medivac  
  160  9:14  Widow Mine  
  160  9:15  Marine x2  
  167  9:22  Marine x2  
  167  9:24  Marine  
  167  9:27  Marine, Supply Depot, Widow Mine x2  
  167  9:29  Supply Depot  
  172  9:32  Medivac, Marine  
  172  9:34  Marine x2  
  172  9:35  Widow Mine  
  177  9:41  Marine x3  
  171  9:48  Marine x2, Marauder  
  171  9:49  Widow Mine x2  
  171  9:50  Marine  
  171  9:52  Marine, Medivac  
  181  9:54  Marine  
  181  9:57  Widow Mine  
  181  10:02  Marine x3, Medivac  
  181  10:04  SCV x3  
  181  10:06  Marine x2  
  168  10:10  Widow Mine x2  
  168  10:13  Marine x2  
  174  10:15  Marine x2  
  174  10:16  SCV x2  
  174  10:18  SCV, Widow Mine  
  174  10:19  Marine x2  
  174  10:20  Marine  
  175  10:23  Marine  
  175  10:24  Marine  
  173  10:31  Marine x2, Widow Mine  
  173  10:33  Marine x2  
  177  10:37  Marine x2  
  177  10:42  Marine  
  176  10:48  SCV x2  
Tags
 
Add a new tag
Caveats
  • Supply blocks, unpowered buildings, or Contaminate may cause inaccurate times.
  • Supply counts are checked every 10 seconds.